[Event "Late-Titled-Tuesday-Blitz-January-16-2024"]
[Site "Chess.com"]
[Date "2024.01.16"]
[Round "11"]
[White "GHANDEEVAM2003"]
[Black "LevonAronian"]
[Result "0-1"]
[WhiteElo "3025"]
[BlackElo "3111"]
[TimeControl "180+1"]
[EndTime "16:06:19 PST"]
[Termination "LevonAronian won on time"]

1. c4 Nf6 2. Nc3 e5 3. Nf3 e4 4. Ng5 c6 5. Ngxe4 Nxe4 6. Nxe4 d5 7. cxd5 cxd5 8. Ng3 h5 9. e3 h4 10. Ne2 Nc6 11. d4 Qf6 12. Nf4 Bd6 13. Bb5 Bd7 14.
O-O O-O-O 15. Nxd5 Qg6 16. Nf4 Bxf4 17. exf4 Nxd4 18.
Bd3 f5 19. f3 h3 20. g3 Rhe8 21. Be3 Qb6 22. Qd2 Bc6 23. Rae1 Kb8 24. Qc3 Ne2+ 25.
Rxe2 Rxe3 26. Ref2 Rexd3 27. Qxg7 Rxf3 0-1

[Event "Late-Titled-Tuesday-Blitz-January-16-2024"]
[Site "Chess.com"]
[Date "2024.01.16"]
[Round "11"]
[White "Gyulamiryan-koryun"]
[Black "ZuraTqebuchava"]
[Result "0-1"]
[WhiteElo "1655"]
[BlackElo "2112"]
[TimeControl "180+1"]
[EndTime "16:06:22 PST"]
[Termination "ZuraTqebuchava won on time"]

1. e4 e5 2. Nf3 d6 3. d4 exd4 4. Nxd4 Nc6 5. Bc4 Nf6 6. Nc3 Be7 7. O-O O-O 8. Nd5 Nxd5 9. Bxd5 Nxd4 10. Qxd4 Bf6 11.
Qd3 c6 12. Bb3 a5 13. a4 b6 14. Rd1 Ba6 15. Qxd6 Qxd6 16. Rxd6 Rad8 17. Bf4 Bxb2 18.
Rad1 Bf6 19. e5 Be7 20. Rxd8 Rxd8 21. Rxd8+ Bxd8 22. e6 fxe6 23. Bxe6+ Kf8 24. c4 h6 25. Bd6+ Ke8 26. c5 b5 27. axb5 Bxb5 28. f4 Be7 0-1

[Event "Late-Titled-Tuesday-Blitz-January-16-2024"]
[Site "Chess.com"]
[Date "2024.01.16"]
[Round "11"]
[White "diamonds13"]
[Black "jk13"]
[Result "0-1"]
[WhiteElo "2351"]
[BlackElo "2655"]
[TimeControl "180+1"]
[EndTime "16:06:24 PST"]
[Termination "jk13 won by resignation"]

1. d4 h5 2. e4 a5 3. c4 g6 4.
Nc3 Bg7 5. g4 hxg4 6. Qxg4 Bxd4 7.
Bd2 d6 8. Qe2 Nc6 9. Nf3 Bg7 10.
O-O-O Bg4 11. Be3 Bxc3 12. bxc3 Ne5 13. Bg2 Nf6 14. Bd4 Nfd7 15. h3 Bxf3 16. Bxf3 c5 17. Be3 Qc7 18. Bg4 Nb6 19. f4 Nexc4 20. Bf2 Qc6 21. e5 d5 22. e6 f5 23. Bf3 O-O-O 24. h4 Rd6 25. Rhe1 Kb8 26. h5 gxh5 27. Bh4 Rh7 28.
Bf2 Qb5 29. Qc2 Rh6 30. Rg1 Rhxe6 31. Rg8+ Ka7 32. Bxh5 Ne3 33. Bxe3 Rxe3 34. Be8 Qc4 35. Kd2 d4 36. Qb3 Qe2+ 37. Kc1 Rxc3+ 38. Qxc3 dxc3 39.
Rxd6 Qb2+ 0-1

[Event "Late-Titled-Tuesday-Blitz-January-16-2024"]
[Site "Chess.com"]
[Date "2024.01.16"]
[Round "11"]
[White "Heinza9"]
[Black "argentum049"]
[Result "0-1"]
[WhiteElo "2318"]
[BlackElo "2486"]
[TimeControl "180+1"]
[EndTime "16:06:25 PST"]
[Termination "argentum049 won on time"]

1. e4 e6 2. c4 c5 3. Nc3 Nc6 4. Nf3 Nd4 5. d3 Ne7 6. Nxd4 cxd4 7. Ne2 Nc6 8. g3 g6 9. Bg2 Bg7 10. O-O O-O 11. f4 d6 12. a3 a5 13. Bd2 a4 14. g4 f5 15. g5 e5 16. exf5 Bxf5 17.
Bd5+ Kh8 18. Be1 exf4 19. h4 Ne5 20. Nxf4 Ng4 21. Bd2 Qe7 22. Qf3 Ne3 23. Rae1 Rae8 24. Rf2 Bxd3 25. Qg3 Be5 26. Bxe3 dxe3 27. Rxe3 Bf5 28.
Qg2 Qc7 29. Ne2 Qb6 30. Rff3 Bf4 31. Nxf4 Rxe3 32. Qf2 Re1+ 33. Kg2 Qxf2+ 34. Rxf2 Rfe8 35. Bxb7 Be4+ 36. Bxe4 R8xe4 37. Nd5 Kg7 38. Nc3 Rxc4 0-1

[Event "Late-Titled-Tuesday-Blitz-January-16-2024"]
[Site "Chess.com"]
[Date "2024.01.16"]
[Round "11"]
[White "PepeCuenca"]
[Black "GlavkonVVS"]
[Result "1-0"]
[WhiteElo "2690"]
[BlackElo "2486"]
[TimeControl "180+1"]
[EndTime "16:06:26 PST"]
[Termination "PepeCuenca won by resignation"]

1. d4 Nf6 2. Bf4 e6 3. e3 d6 4. Nf3 g6 5. c4 Bg7 6. Nc3 O-O 7. h3 b6 8. Bh2 Bb7 9. Be2 Nbd7 10. O-O Qe7 11.
d5 exd5 12. cxd5 a6 13. a4 Ne4 14. Rc1 Nxc3 15. bxc3 Nc5 16. c4 Rfe8 17. Nd4 Bxd4 18. Qxd4 Nb3 19. Qb2 Nxc1 20. Rxc1 a5 21. Bf4 Bc8 22. Bd1 f6 23. Bb3 Kg7 24. Re1 h6 25.
e4 g5 26. Bd2 Bd7 27. Bc3 Qf7 28. Re3 Rf8 29. Rf3 Qe7 30. Re3 Rae8 31. Bc2 Rf7 32. h4 gxh4 33. Rf3 Rg8 34. Qc1 Bg4 35. Rf4 Kf8 36.
f3 Bh3 37. Rxh4 Bxg2 38. Qxh6+ Ke8 39. Kf2 f5 40. exf5 Kd7 41. Qe6+ Kd8 42. Qxe7+ Kxe7 43. f6+ Kf8 44. Bf5 Rg5 45. Rh8+ Rg8 46. Rxg8+ Kxg8 47. Kxg2 Kf8 48. Bg6 Rd7 49. f7 Rxf7 50. Bxf7 Kxf7 51. Kg3 Ke7 52. Kf4 Kd7 53. Kf5 c6 54. Ke4 cxd5+ 55. Kxd5 1-0

[Event "Late-Titled-Tuesday-Blitz-January-16-2024"]
[Site "Chess.com"]
[Date "2024.01.16"]
[Round "11"]
[White "smotherhubbard"]
[Black "agvega14"]
[Result "1-0"]
[WhiteElo "2318"]
[BlackElo "2126"]
[TimeControl "180+1"]
[EndTime "16:06:26 PST"]
[Termination "smotherhubbard won on time"]

1. d4 d5 2. c4 e6 3. Nc3 Nf6 4. cxd5 exd5 5. Bg5 Be7 6. e3 O-O 7. Bd3 c6 8. Qc2 Nbd7 9. Nge2 h6 10. Bh4 Re8 11. f3 c5 12. dxc5 Nxc5 13. Bb5 Bd7 14. O-O Rc8 15. Nd4 a6 16. Be2 b5 17. Bxf6 Bxf6 18. Nxd5 Bxd4 19. exd4 Ne6 20. Qd2 Bc6 21. Nc3 Qxd4+ 22. Qxd4 Nxd4 23. Bd3 Rcd8 24. Rfd1 Bb7 25.
Be4 Bxe4 26. Nxe4 Ne6 27. Kf2 Kf8 28. g3 Ke7 29. Rac1 Rxd1 30. Rxd1 Rd8 31. Rc1 Rd7 32.
Ke3 Ra7 33. f4 f5 34. Nc3 Kf7 35. Nd5 Rd7 36. Nb4 Rd6 37. Nc6 Kf6 38. Ne5 Ke7 39. Rc7+ Kf8 40. Rf7+ Kg8 41. Ra7 Kh7 42. h4 Nc5 43. h5 1-0

[Event "Late-Titled-Tuesday-Blitz-January-16-2024"]
[Site "Chess.com"]
[Date "2024.01.16"]
[Round "11"]
[White "TheMagician"]
[Black "ToddBryant"]
[Result "1-0"]
[WhiteElo "2176"]
[BlackElo "2288"]
[TimeControl "180+1"]
[EndTime "16:06:29 PST"]
[Termination "TheMagician won on time"]

1. e4 c5 2. Nf3 d6 3. Nc3 Nc6 4.
Bb5 Bd7 5. d4 cxd4 6. Nxd4 Nf6 7. O-O g6 8. Bxc6 bxc6 9. f3 Bg7 10. Be3 O-O 11. Qd2 Rb8 12. b3 c5 13. Nde2 Qa5 14. Rad1 Rfe8 15. Bh6 Bh8 16. Qd3 Bc8 17. Rfe1 Ba6 18.
Qd2 Nd7 19. Nd5 Qxa2 20. Nc7 Rec8 21. Nd5 Re8 22. Nc7 Bxe2 23. Qxe2 Red8 24. Nd5 Re8 25. Nc7 Qa5 26. Nxe8 Rxe8 27. Bd2 Qb6 28. Be3 Qb4 29. Kh1 Bc3 30. Rf1 Ne5 31. Bd2 Nc6 32. Bxc3 Qxc3 33. Qb5 Rc8 34. Qb7 Rf8 35. Qxc6 Qe5 36. f4 Qh5 37.
Qd7 Kg7 38. Qxe7 Qh6 39. Qxd6 Re8 40. f5 Kg8 41. Qd7 1-0

[Event "Late-Titled-Tuesday-Blitz-January-16-2024"]
[Site "Chess.com"]
[Date "2024.01.16"]
[Round "11"]
[White "kai_nov"]
[Black "vova-79"]
[Result "1/2-1/2"]
[WhiteElo "2298"]
[BlackElo "2568"]
[TimeControl "180+1"]
[EndTime "16:06:32 PST"]
[Termination "Game drawn by repetition"]

1. d4 d5 2. c4 c6 3. Nf3 Nf6 4. e3 e6 5. Nbd2 Nbd7 6. Bd3 Be7 7. O-O O-O 8. e4 dxe4 9. Nxe4 c5 10. Nxf6+ Nxf6 11. Be3 Qc7 12. Qe2 b6 13. dxc5 Bxc5 14. Bxc5 Qxc5 15. Ne5 Bb7 16. a3 a5 17. Rad1 Rad8 18.
Qe3 Rfe8 19. Bc2 Kf8 20. h3 h6 21. Rfe1 Qxe3 22. fxe3 Ke7 23. Ba4 Rxd1 24. Rxd1 Rc8 25.
b3 Rc7 26. Rd4 Ne4 27. Bb5 Nc3 28. Kf2 Nxb5 29. cxb5 Bd5 30. Nc4 Bxc4 31. bxc4 e5 32. Rd5 Ke6 33. Rd8 Rxc4 34. Rb8 Ra4 35. Rxb6+ Ke7 36. Rb7+ Ke6 37. Rb6+ Ke7 38. Rb7+ Ke6 39. Rb6+ 1/2-1/2

[Event "Late-Titled-Tuesday-Blitz-January-16-2024"]
[Site "Chess.com"]
[Date "2024.01.16"]
[Round "11"]
[White "PawnEatingZombie"]
[Black "dianamirza"]
[Result "0-1"]
[WhiteElo "2135"]
[BlackElo "2010"]
[TimeControl "180+1"]
[EndTime "16:06:35 PST"]
[Termination "dianamirza won on time"]

1. e4 d5 2. exd5 Qxd5 3. Nc3 Qd8 4. Nf3 Nf6 5. d4 g6 6. Bc4 Bg7 7. h3 O-O 8. O-O a6 9. Re1 b5 10. Bb3 Bb7 11. Ne5 Nbd7 12. Bf4 c5 13. dxc5 Nxc5 14.
Qe2 Nxb3 15. axb3 Nd5 16. Bg3 Nxc3 17. bxc3 Qd5 18. f3 Rac8 19. Rad1 Qc5+ 20. Kh2 Qxc3 21. Rd2 Rfd8 22. Red1 Rxd2 23. Rxd2 b4 24. Nd3 e6 25. Kh1 a5 26. Be1 Qa1 27. Kh2 Qf6 28. Bf2 Qf5 29. Qe3 Bc3 30. Re2 Bg7 31. Nc5 Bd5 32. g4 Qf6 33.
Nd7 Qe7 34. Ne5 Qc7 35. Bg3 Qc3 36. Qxc3 Rxc3 37. Nd3 Bxf3 38. Rf2 Bd1 39. Be5 Rxc2 40. Rxc2 Bxc2 41. Bxg7 Kxg7 42. Nc5 Kf6 43. Kg2 Ke5 44.
Kf3 Kd4 45. Nb7 Bxb3 46. Nxa5 Bd5+ 47. Ke2 b3 48. Kd2 g5 49. Kc1 Kc3 50. Kb1 Bg2 0-1

[Event "Late-Titled-Tuesday-Blitz-January-16-2024"]
[Site "Chess.com"]
[Date "2024.01.16"]
[Round "11"]
[White "Brahianzevich"]
[Black "imdarealist"]
[Result "1-0"]
[WhiteElo "2426"]
[BlackElo "2294"]
[TimeControl "180+1"]
[EndTime "16:06:39 PST"]
[Termination "Brahianzevich won on time"]

1. e4 e5 2. Nf3 Nf6 3. Nxe5 d6 4. Nf3 Nxe4 5. d4 d5 6. Bd3 Nd6 7. O-O Be7 8. h3 O-O 9. Bf4 Nd7 10. Re1 Re8 11.
c3 Nf8 12. Nbd2 Ne6 13. Bg3 g6 14. Qc2 Ng7 15. Ne5 Bf5 16. Ng4 Bxd3 17. Qxd3 Ngf5 18.
Qf3 Nxg3 19. fxg3 c6 20. Rf1 Rf8 21. h4 f5 22. Ne5 Ne4 23. Nxe4 dxe4 24. Qe3 Bf6 25. Nc4 Kg7 26. Rad1 Qd5 27. b3 Rae8 28. Qf4 Rd8 29. h5 Kg8 30. hxg6 hxg6 31. Ne3 Qf7 32. g4 fxg4 33. Qxg4 Qg7 34. Qxe4 Rde8 35. Qd3 Bg5 36. Ng4 Rxf1+ 37. Rxf1 Re6 38. Ne5 Bf6 39. Qc4 Qe7 40. Nd7 Qxd7 41. Rxf6 1-0

[Event "Late-Titled-Tuesday-Blitz-January-16-2024"]
[Site "Chess.com"]
[Date "2024.01.16"]
[Round "11"]
[White "Zampronha1971"]
[Black "vidavi"]
[Result "0-1"]
[WhiteElo "2323"]
[BlackElo "2495"]
[TimeControl "180+1"]
[EndTime "16:06:41 PST"]
[Termination "vidavi won by resignation"]

1. e4 e5 2. Nf3 Nf6 3. d4 Nxe4 4. Bd3 d5 5. Nxe5 Bd6 6. O-O O-O 7. c4 c6 8. Nc3 Nxc3 9. bxc3 dxc4 10. Bxc4 Bxe5 11. dxe5 Qxd1 12. Rxd1 b5 13. Bb3 Bg4 14. f3 Bf5 15. Ba3 Re8 16. Bd6 Nd7 17. a4 Nxe5 18. axb5 cxb5 19.
Re1 Nd3 20. Rxe8+ Rxe8 21. Bc2 f6 22. Bxd3 Bxd3 23. Rxa7 Re1+ 24. Kf2 Re2+ 25. Kg3 Rc2 26. Ra8+ Kf7 27. Ra7+ Kg6 28. Bf8 Rxc3 29. Rxg7+ Kf5 30. Rxh7 Rc2 31. Rg7 Rb2 32. h4 b4 33. h5 b3 34.
h6 Bf1 35. h7 Rxg2+ 36. Kh4 Rh2+ 37. Kg3 Rh3+ 38. Kf2 b2 39. Rb7 Rxh7 40. Rxb2 Rh2+ 41. Kxf1 Rxb2 42. Bh6 Rh2 43. Be3 Rc2 44. Bh6 Ke6 45.
Be3 Kd5 46. Bh6 f5 47. Bf4 Kd4 48. Bg5 Kd3 49. Bh6 Rc4 50. Bg5 Rc2 51. Bh6 Rh2 52. Bg5 Kc2 53. Bf4 Rh5 54. Kf2 Kd3 55. Kg3 Ke2 56.
Bc1 Rh1 57. Ba3 Rf1 58. f4 Rf3+ 0-1

[Event "Late-Titled-Tuesday-Blitz-January-16-2024"]
[Site "Chess.com"]
[Date "2024.01.16"]
[Round "11"]
[White "finec2"]
[Black "dorpato"]
[Result "1-0"]
[WhiteElo "2249"]
[BlackElo "2120"]
[TimeControl "180+1"]
[EndTime "16:06:42 PST"]
[Termination "finec2 won by resignation"]

1. e4 c5 2. Nf3 d6 3. d4 cxd4 4. Qxd4 Nc6 5. Bb5 Bd7 6. Bxc6 Bxc6 7. Nc3 Nf6 8. Bg5 e5 9. Qd3 Be7 10. O-O O-O 11. Rad1 Ne8 12. Bxe7 Qxe7 13. Nd5 Bxd5 14. Qxd5 Rd8 15. c4 Nf6 16. Qd3 Rd7 17. b3 Rfd8 18. Rfe1 h6 19. Nh4 Nh5 20. Nf5 Qf6 21. Qf3 Nf4 22. g3 Ne6 23. h4 Kh7 24. Qg4 g6 25.
Ne3 Nd4 26. Rxd4 exd4 27. Nd5 Qg7 28. f4 b6 29. Kh2 Kh8 30. Rd1 Rb7 31. Rd2 Re8 32. Qf3 b5 33. f5 bxc4 34. bxc4 gxf5 35. exf5 Re3 36. Nxe3 dxe3 37. Qxe3 Qf6 38. Qf4 Rb2 39. Rxb2 Qxb2+ 40. Kh3 Kg7 41. Qg4+ Kh7 42. Qf4 Qxa2 43. f6 Qxc4 44. Qxc4 1-0

[Event "Late-Titled-Tuesday-Blitz-January-16-2024"]
[Site "Chess.com"]
[Date "2024.01.16"]
[Round "11"]
[White "momotaro77"]
[Black "CamillaEffect"]
[Result "1-0"]
[WhiteElo "2499"]
[BlackElo "2559"]
[TimeControl "180+1"]
[EndTime "16:06:44 PST"]
[Termination "momotaro77 won by checkmate"]

1. e4 e5 2. Nf3 Nc6 3. Bb5 f5 4. d3 fxe4 5. dxe4 Nf6 6. O-O Bc5 7. Bxc6 bxc6 8. Nxe5 O-O 9. Nc3 Re8 10. Nd3 Bd4 11.
Ne2 Rxe4 12. Nxd4 Rxd4 13. Be3 Re4 14. Nc5 Re8 15. Qf3 d5 16. Rfe1 Bg4 17. Qg3 Qd6 18. Bd4 Qxg3 19. hxg3 Kf7 20. f3 Bf5 21. c3 a5 22. g4 Bg6 23. a4 Rab8 24. g5 Rxe1+ 25. Rxe1 Ne8 26. b3 Bc2 27. Rc1 Bf5 28. g4 Bc8 29.
Re1 Nd6 30. Kf2 Bb7 31. Kg3 Bc8 32. Kf4 Ra8 33. Kg3 Nb7 34. f4 Nxc5 35. Bxc5 Rb8 36. Re7+ Kg8 37. b4 axb4 38. cxb4 Ra8 39. a5 Ba6 40.
Rxc7 Bb5 41. Bd4 g6 42. f5 Re8 43. f6 Rf8 44. Bc5 Rd8 45. f7+ Kh8 46. Bd4# 1-0

[Event "Late-Titled-Tuesday-Blitz-January-16-2024"]
[Site "Chess.com"]
[Date "2024.01.16"]
[Round "11"]
[White "FairChess_on_YouTube"]
[Black "Sebastian"]
[Result "1-0"]
[WhiteElo "3109"]
[BlackElo "2998"]
[TimeControl "180+1"]
[EndTime "16:06:45 PST"]
[Termination "FairChess_on_YouTube won by resignation"]

1. Nf3 Nf6 2. c4 c5 3. g3 Nc6 4.
Bg2 g6 5. b3 Bg7 6. Bb2 O-O 7.
O-O d6 8. d3 e5 9. Nbd2 h6 10. a3 Be6 11. Qb1 Qd7 12. b4 b6 13.
b5 Ne7 14. Rd1 Bh3 15. Bh1 Ng4 16. a4 f5 17. a5 Rab8 18. axb6 axb6 19. Ra6 g5 20.
Qa1 Ng6 21. Ra7 Qd8 22. Qa6 Kh8 23. Ra1 Rg8 24. Rb7 Rxb7 25. Qxb7 Bf6 26. Bg2 Bxg2 27.
Kxg2 Qf8 28. h3 e4 29. Bxf6+ Qxf6 30. Ra7 exf3+ 31. exf3 Rg7 32. Qxg7+ Qxg7 33. Rxg7 Kxg7 34. hxg4 fxg4 35. fxg4 Ne5 36. Ne4 Nxd3 37. Nxd6 Nb2 38. f4 Kf8 39. f5 Ke7 40. Nc8+ Kd8 41. Nxb6 Kc7 42. f6 1-0

[Event "Late-Titled-Tuesday-Blitz-January-16-2024"]
[Site "Chess.com"]
[Date "2024.01.16"]
[Round "11"]
[White "NMJeevanK"]
[Black "Cambek64"]
[Result "1-0"]
[WhiteElo "2588"]
[BlackElo "2470"]
[TimeControl "180+1"]
[EndTime "16:06:47 PST"]
[Termination "NMJeevanK won on time"]

1. e4 e6 2. d4 d5 3. e5 c5 4.
c3 Nc6 5. Nf3 Bd7 6. Bd3 cxd4 7.
cxd4 Nb4 8. O-O Nxd3 9. Qxd3 Ne7 10. Nc3 Nf5 11. Bg5 Be7 12. Bxe7 Qxe7 13. Rac1 O-O 14. Nd2 Qb4 15. Nb3 b6 16. Rfd1 a5 17. Na1 Rfc8 18.
b3 g6 19. a4 h5 20. h3 h4 21. Ne2 b5 22. Nc2 Qe7 23. axb5 Rab8 24. Ne3 Nxe3 25. Qxe3 Rxb5 26. Rxc8+ Bxc8 27. Rc1 Qb7 28. Qg5 Qd7 29. Nf4 Kf8 30. Qxh4 Bb7 31. Qh8+ Ke7 32. Qg7 Ke8 33. h4 Rb4 34. h5 Rxd4 35. h6 Rxf4 36. h7 Rh4 37. h8=Q+ Rxh8 38. Qxh8+ Ke7 39. Qf6+ Ke8 40. Rc3 Ba6 41. Rh3 Qe7 42. Rh8+ Kd7 43. Qf4 1-0

[Event "Late-Titled-Tuesday-Blitz-January-16-2024"]
[Site "Chess.com"]
[Date "2024.01.16"]
[Round "11"]
[White "KSho99"]
[Black "pr1105"]
[Result "0-1"]
[WhiteElo "2152"]
[BlackElo "2272"]
[TimeControl "180+1"]
[EndTime "16:06:48 PST"]
[Termination "pr1105 won by resignation"]

1. Nf3 d5 2. g3 g6 3. Bg2 Bg7 4. O-O e5 5. d3 Ne7 6. c4 c6 7. e4 O-O 8. b4 a5 9. b5 dxc4 10. dxc4 Be6 11. Qe2 h6 12. Rd1 Qc7 13. Ba3 Re8 14.
Nc3 Nd7 15. Rac1 c5 16. Nd5 Bxd5 17. cxd5 Nc8 18. Bh3 b6 19. Nd2 Nd6 20. Bb2 Nf8 21.
a4 h5 22. Nc4 Nxc4 23. Rxc4 Qd6 24. Rc2 Nh7 25. Bg2 Ra7 26. Bc3 Ree7 27. Rcd2 Nf6 28. Rd3 Ne8 29. Qb2 Rad7 30. f4 exf4 31. gxf4 Qxf4 32.
Rf1 Qg4 33. Kh1 Rxe4 34. Bxe4 Qxe4+ 35. Rdf3 Rxd5 36. Bxg7 Nxg7 37. Qg2 Nf5 38. R3f2 Qxg2+ 39. Rxg2 Rd4 40. Rxf5 Rd1+ 41. Rg1 Rxg1+ 42. Kxg1 gxf5 0-1

[Event "Late-Titled-Tuesday-Blitz-January-16-2024"]
[Site "Chess.com"]
[Date "2024.01.16"]
[Round "11"]
[White "mishanick"]
[Black "Bigfish1995"]
[Result "1-0"]
[WhiteElo "3110"]
[BlackElo "3080"]
[TimeControl "180+1"]
[EndTime "16:06:50 PST"]
[Termination "mishanick won on time"]

1. d4 d5 2. c4 c6 3. Nc3 Nf6 4.
Nf3 e6 5. Bg5 Nbd7 6. e3 Qa5 7.
Nd2 dxc4 8. Bxf6 Nxf6 9. Nxc4 Qc7 10. g3 Bd6 11. Bg2 O-O 12. O-O Rd8 13. f4 Nd5 14.
Rc1 Bf8 15. Qe2 c5 16. Ne5 Rb8 17. Nxd5 exd5 18. dxc5 f6 19. Nf3 a5 20. a3 b6 21. c6 Bg4 22. Qd2 Bxf3 23. Bxf3 Bc5 24. b4 Bf8 25. Bxd5+ Kh8 26. Rfd1 Ra8 27. Qc3 axb4 28.
axb4 b5 29. Bf3 Bd6 30. Rd5 Rab8 31. Kg2 h6 32. Rc2 Rdc8 33. Qd4 Bf8 34. Rd7 Qb6 35. c7 Qe6 36. cxb8=Q Rxc2+ 37. Kg1 Rc1+ 38. Kf2 Rc2+ 39. Be2 1-0

[Event "Late-Titled-Tuesday-Blitz-January-16-2024"]
[Site "Chess.com"]
[Date "2024.01.16"]
[Round "11"]
[White "Roedor"]
[Black "Aguiar94"]
[Result "0-1"]
[WhiteElo "2339"]
[BlackElo "2502"]
[TimeControl "180+1"]
[EndTime "16:06:50 PST"]
[Termination "Aguiar94 won on time"]

1. e4 c5 2. Nf3 e6 3. d3 Nc6 4. g3 Nf6 5. Bg2 d5 6. Nbd2 g6 7. O-O Bg7 8. Re1 O-O 9. c3 a5 10. a4 b6 11. e5 Ng4 12. d4 cxd4 13. cxd4 f6 14. h3 Nxf2 15. Kxf2 fxe5 16. dxe5 Nxe5 17. Kg1 Nd3 18. Re3 Nb4 19. Raa3 Qd6 20. Ne4 Qc7 21. Rac3 Qb8 22. Neg5 Qxg3 23. Nxe6 Bxe6 24.
Rxe6 d4 25. Rb3 d3 26. Re7 Rae8 27. Re3 Bd4 28. Nxd4 Rxe3 29. Bd2 Rf2 30. Qf1 Ree2 31. Nxe2 Rxf1+ 32. Kxf1 dxe2+ 33. Kxe2 Qxg2+ 34. Kd1 Qf1+ 0-1

[Event "Late-Titled-Tuesday-Blitz-January-16-2024"]
[Site "Chess.com"]
[Date "2024.01.16"]
[Round "11"]
[White "GAusal"]
[Black "JaackCamel"]
[Result "1-0"]
[WhiteElo "2260"]
[BlackElo "2154"]
[TimeControl "180+1"]
[EndTime "16:06:50 PST"]
[Termination "GAusal won by resignation"]

1. d4 d5 2. Nf3 e6 3. Bf4 Bd6 4. Bxd6 Qxd6 5. e3 Nf6 6. c3 O-O 7. Bd3 c5 8. Nbd2 Nc6 9. O-O e5 10. dxe5 Nxe5 11. Nxe5 Qxe5 12. Nf3 Qd6 13. Be2 Rd8 14.
Qc2 Bg4 15. h3 Bh5 16. Rad1 Bg6 17. Qc1 Qe7 18. Nh4 Be4 19. Nf3 h6 20. Rd2 Rd7 21. Rfd1 Rad8 22. Nh2 Bf5 23. Bd3 Bxd3 24. Rxd3 Ne4 25.
Nf3 c4 26. Rd4 Nc5 27. Qd2 Ne4 28. Qe1 Nc5 29. Qd2 Ne4 30. Qe1 Nc5 31. Rg4 Nd3 32. Qd2 f5 33. Rd4 Qf7 34. Ne1 Nc5 35. Nf3 Nd3 36. Rxd3 cxd3 37. Ne5 Qe6 38. Nxd7 Rxd7 39.
Qxd3 Qe4 40. Qxe4 fxe4 41. c4 Rc7 42. cxd5 Kf7 43. d6 Rd7 44. g4 Ke6 45. Kg2 Ke5 46. Kg3 g5 47. h4 Ke6 48. hxg5 hxg5 49. Rd4 Ke5 50. b3 Rxd6 51. Rxd6 Kxd6 52. f3 Ke5 53.
f4+ gxf4+ 54. exf4+ Kd4 55. Kf2 Kd3 56. Ke1 Kc2 57.
g5 1-0

[Event "Late-Titled-Tuesday-Blitz-January-16-2024"]
[Site "Chess.com"]
[Date "2024.01.16"]
[Round "11"]
[White "Igor_Lysyj"]
[Black "Filipets"]
[Result "1-0"]
[WhiteElo "2881"]
[BlackElo "2594"]
[TimeControl "180+1"]
[EndTime "16:06:51 PST"]
[Termination "Igor_Lysyj won on time"]

1. d4 f5 2. Nf3 Nf6 3. g3 g6 4.
Bg2 Bg7 5. O-O O-O 6. c4 d6 7. Nc3 Nh5 8. h3 f4 9. g4 Nf6 10. d5 h6 11. Nd4 g5 12. Qc2 Na6 13. e3 Nc5 14. b4 e5 15. dxe6 Nxe6 16. Nf5 h5 17.
Nxg7 Kxg7 18. Nd5 hxg4 19. Bb2 f3 20. Bh1 gxh3 21. Qf5 h2+ 22. Kxh2 c6 23. Nxf6 Rxf6 24. Qxf6+ Qxf6 25. Bxf6+ Kxf6 26. Bxf3 a5 27. a3 Nc7 28.
Rfd1 g4 29. Bg2 Ke5 30. b5 Bd7 31. bxc6 bxc6 32. Rab1 Ne6 33. Rb7 Be8 34. Re7 Kf6 35.
Rh7 Bg6 36. Rd7 Ke5 37. R7xd6 Bf5 38. Rxc6 Rh8+ 39. Kg1 Kf6 40. Bd5 Rd8 41. Ra6 a4 42. Rc1 Ke5 43. Rxa4 Rh8 44. Ra5 1-0

[Event "Late-Titled-Tuesday-Blitz-January-16-2024"]
[Site "Chess.com"]
[Date "2024.01.16"]
[Round "11"]
[White "dmitrijiIM"]
[Black "Hikaru"]
[Result "0-1"]
[WhiteElo "2895"]
[BlackElo "3222"]
[TimeControl "180+1"]
[EndTime "16:06:53 PST"]
[Termination "Hikaru won by resignation"]

1. e4 a6 2. d4 e6 3. Nf3 d5 4. exd5 exd5 5. Bd3 Bd6 6. O-O Nc6 7. Re1+ Nge7 8. c3 Bg4 9. h3 Bh5 10. b4 Bg6 11. a4 Qd7 12. Bxg6 hxg6 13. Nbd2 f6 14. Nb3 Kf7 15. Nc5 Bxc5 16. dxc5 g5 17. Be3 Ng6 18. c4 Nxb4 19. Qb3 a5 20. cxd5 Qxd5 21. Qc3 Qd3 22. Qb2 Qc2 23. Qa3 Rhd8 24. Rac1 Qd3 25.
Qb2 Qd5 26. Red1 Qa2 27. Qc3 Kg8 28. Nd4 Ne7 29. Nb5 Ned5 30. Qe1 Qxa4 31. Nd4 Qe8 32.
Qe2 a4 33. Qc4 Qf7 34. Nf5 Nxe3 35. Rxd8+ Rxd8 36. Nxe3 Nd3 37. Rd1 Qxc4 38. Nxc4 Rd7 39. c6 bxc6 40. Na5 c5 41. Nc4 Rd4 42. Na3 Ne5 43.
Rc1 Rd3 44. Nb5 c4 45. Nc3 a3 46. Rc2 Nc6 47. Kh2 Nb4 48. Rc1 Rxc3 49. Rxc3 a2 50. Rc1 c3 51. Ra1 c2 52. Kg3 Nd3 0-1

[Event "Late-Titled-Tuesday-Blitz-January-16-2024"]
[Site "Chess.com"]
[Date "2024.01.16"]
[Round "11"]
[White "GothamChess"]
[Black "HaryKane"]
[Result "1-0"]
[WhiteElo "2752"]
[BlackElo "2573"]
[TimeControl "180+1"]
[EndTime "16:06:53 PST"]
[Termination "GothamChess won by resignation"]

1. d4 e6 2. Nf3 f5 3. d5 Nf6 4. Nc3 Bb4 5. dxe6 d5 6. Qd3 Bxe6 7. Nd4 Bd7 8. a3 Bxc3+ 9. Qxc3 O-O 10. Bf4 Nc6 11.
Nxc6 Bxc6 12. O-O-O Ne4 13. Qe1 Qe7 14. f3 Nd6 15. Qb4 a5 16. Qc5 Rfe8 17. e3 g5 18. Bxd6 cxd6 19. Qd4 Qxe3+ 20. Qxe3 Rxe3 21. Bd3 f4 22. h4 g4 23. fxg4 Rg3 24. Bf5 Re8 25. Rhf1 Rxg2 26. Rxf4 Ree2 27. Kb1 Kg7 28. h5 Rgf2 29. Rxf2 Rxf2 30. Re1 d4 31. Re7+ Kf6 32. Re6+ Kg5 33. Rxd6 Rd2 34. Kc1 Rf2 35. Rxd4 h6 36. b3 a4 37.
bxa4 Rf3 38. Kb2 Rf2 39. a5 Re2 40. Rd6 Re5 41. Rg6+ Kf4 42. Rxh6 Rb5+ 43. Kc1 Rxa5 44. Rd6 Rxa3 45. h6 Ra1+ 46. Kb2 Rh1 47. h7 Be4 48. Rd4 1-0

[Event "Late-Titled-Tuesday-Blitz-January-16-2024"]
[Site "Chess.com"]
[Date "2024.01.16"]
[Round "11"]
[White "KNVB"]
[Black "nfds"]
[Result "1-0"]
[WhiteElo "2690"]
[BlackElo "2483"]
[TimeControl "180+1"]
[EndTime "16:06:54 PST"]
[Termination "KNVB won on time"]

1. d4 d6 2. e4 e5 3. dxe5 dxe5 4.
Qxd8+ Kxd8 5. Bc4 f6 6. Be3 c6 7. a4 Kc7 8. Nd2 Nd7 9. Ne2 Bc5 10. Nf1 Ne7 11. O-O-O Bxe3+ 12. Nxe3 Nc5 13. Nc3 Be6 14. b4 Bxc4 15. Nxc4 Ne6 16. Ne2 Rad8 17. c3 h5 18. h4 Rxd1+ 19. Rxd1 g5 20. Rh1 g4 21. Ng3 Nf4 22.
Ne3 Rd8 23. Kc2 a5 24. bxa5 Ra8 25. Nc4 Neg6 26. Rh2 Rd8 27. Nf5 Nd3 28. g3 Nc5 29.
Nd2 Nxa4 30. Ng7 Nf8 31. Nxh5 Ra8 32. Nb3 Nd7 33. Ng7 b6 34. axb6+ Naxb6 35. Kb1 Nc4 36. h5 Ra3 37. Nc1 Rxc3 38. h6 Nc5 39. h7 Nd2+ 40.
Kb2 Na4+ 41. Ka2 Rxc1 42. h8=Q Rc2+ 43. Ka3 Nc5 44. Ne6+ 1-0

[Event "Late-Titled-Tuesday-Blitz-January-16-2024"]
[Site "Chess.com"]
[Date "2024.01.16"]
[Round "11"]
[White "rdarruda"]
[Black "Bastiandash"]
[Result "1-0"]
[WhiteElo "2497"]
[BlackElo "2500"]
[TimeControl "180+1"]
[EndTime "16:06:54 PST"]
[Termination "rdarruda won by resignation"]

1. d4 d6 2. e4 g6 3. Nc3 Bg7 4. Nf3 Nc6 5. d5 Nb8 6. Bf4 Nf6 7. Qd2 O-O 8. Bh6 e6 9. dxe6 Bxe6 10.
O-O-O Nc6 11. Bxg7 Kxg7 12. Nd4 Nxd4 13. Qxd4 Qe7 14.
Bc4 Rfe8 15. Rhe1 Bxc4 16. Qxc4 Qe6 17. Qxc7 Rad8 18. Qa5 a6 19. f3 Rc8 20. Nd5 Rc6 21. Qd2 Rec8 22. c3 Qe5 23. Qd4 Qxd4 24. Rxd4 Nxd5 25.
Rxd5 Kf6 26. Red1 Ke6 27. Kc2 b5 28. a3 Rb8 29. R1d4 a5 30. f4 b4 31. axb4 axb4 32. f5+ Ke7 33. c4 Rg8 34. g3 Ra8 35. Kb3 Ra1 36.
fxg6 hxg6 37. Rd1 Ra8 38. e5 dxe5 39. Rxe5+ Kf6 40. Red5 Rac8 41. Rd6+ Rxd6 42. Rxd6+ Ke5 43. Rd2 f5 44. Kxb4 g5 45. Kc3 Ke4 46. Re2+ Kf3 47. Re5 Kg4 48. b4 f4 49. b5 f3 50. Re1 f2 51. Rb1 Kf3 52. b6 Kg2 53. Kd4 f1=Q 54. Rxf1 Kxf1 55. c5 Kg2 56. b7 Rd8+ 57. Ke5 Kxh2 58. c6 Kxg3 59. c7 Re8+ 60. Kf5 1-0